 Dungeon Crawl Stone Soup version 0.28-a0-1638-g9123634e07 (webtiles) character file.

Game seed: 5257223334284160904

142 soggyman666 the Chopper (level 5, -5/47 HPs)
             Began as a Hill Orc Fighter on Jan 26, 2022.
             Slain by Sigmund (7 damage)
             ... on level 2 of the Dungeon.
             The game lasted 00:04:06 (2252 turns).

soggyman666 the Chopper (Hill Orc Fighter)          Turns: 2252, Time: 00:04:08

Health: -5/47      AC:  7    Str: 21    XL:     5   Next: 25%
Magic:  5/5        EV:  9    Int:  8    God:
Gold:   119        SH:  4    Dex: 10    Spells: 4/4 levels left

rFire   . . .      SeeInvis .   a - +0 war axe
rCold   . . .      Faith    .   c - +0 buckler
rNeg    . . .      Spirit   .   b - +0 scale mail
rPois   .          Reflect  .   (no helmet)
rElec   .          Harm     .   (no cloak)
rCorr   .          Rampage  .   (no gloves)
Will    .....                   (no boots)
Stlth   ..........              (no amulet)
HPRegen 0.15/turn               (no ring)
MPRegen 0.09/turn               (no ring)

@: no status effects
A: no striking features
a: no special abilities


You were on level 2 of the Dungeon.
You visited 1 branch of the dungeon, and saw 2 of its levels.

You collected 119 gold pieces.

Inventory:

Hand Weapons
 a - a +0 war axe (weapon)
Missiles
 f - 75 stones (quivered)
Armour
 b - a +0 scale mail (worn)
 c - a +0 buckler (worn)
Scrolls
 e - 3 scrolls of amnesia
 g - a scroll of fog {unknown}
Potions
 d - a potion of invisibility {unknown}
 h - a potion of brilliance {unknown}


   Skills:
 + Level 4.3 Fighting
 + Level 4.9 Axes
 + Level 4.3 Armour
 + Level 0.3 Dodging
 + Level 3.7 Shields


You had 4 spell levels left.
You didn't know any spells.
Your spell library contained the following spells:

 Spells                   Type           Power      Damage    Failure   Level
 Stone Arrow              Conj/Erth      0%         3d7       99%         3
 Animate Armour           Summ/Erth      0%         N/A       100%        4
 Lehudib's Crystal Spear  Conj/Erth      0%         10d2      100%        8


Dungeon Overview and Level Annotations

Branches:
Dungeon (2/15)

Altars:

Shops:
D:2 (

Annotations:
D:2 Sigmund


Message History

You are too injured to fight recklessly!
You are too injured to fight recklessly!
You barely miss Sigmund.
Sigmund is lightly wounded.
You block Sigmund's attack.
You closely miss Sigmund.
Sigmund is lightly wounded.
Sigmund hits you but does no damage.
You closely miss Sigmund.
Sigmund is lightly wounded.
You block Sigmund's attack.
You closely miss Sigmund. Sigmund hits you with a +0 scythe.
You barely miss Sigmund. Sigmund barely misses you.
You closely miss Sigmund. Sigmund hits you with a +0 scythe.
You closely miss Sigmund. You closely miss Sigmund. Sigmund closely misses you.
You hit Sigmund.
Sigmund is lightly wounded.
Sigmund completely misses you.
You barely miss Sigmund.
Sigmund is lightly wounded.
Sigmund hits you with a +0 scythe.
* * * LOW HITPOINT WARNING * * *
You barely miss Sigmund.
Sigmund is lightly wounded.
Sigmund gestures wildly while chanting.
Sigmund flickers and vanishes!
Deactivating autopickup; reactivate with Ctrl-A.
You hit something. Something hits you.
* * * LOW HITPOINT WARNING * * *
You closely miss something. Something hits you.
* * * LOW HITPOINT WARNING * * *
You miss something. You slash something!
You hear some strange, mumbled words.
A magic dart appears from out of thin air!
The magic dart hits you.
* * * LOW HITPOINT WARNING * * *
Something hits you!
You die...

########
.......###########
....##...........#
......<.....####.#
####.#.####.## #.#
####.#.###.).###.#
...#.#.##.....##@#
................{.#
.#.#.#......).##..#
.#.#.........###..#
.#..........## #..#
............# #..#
.###.#....### #..#
## #.#...... ...# #
##.###.####


There were no monsters in sight!

Vanquished Creatures
  Jessica (D:2)
  Natasha (twice) (D:2)
  A gnoll (D:1)
  A worm (D:2)
  4 dart slugs
  3 ball pythons
  6 bats
  5 endoplasms
  2 giant cockroaches
  6 goblins
  A hobgoblin (D:1)
  2 quokkas
  4 frilled lizards (D:1)
  4 kobolds
  6 rats
48 creatures vanquished.

Notes
Turn   | Place    | Note
-------+----------+-------------------------------------------
     0 | D:1      | soggyman666 the Hill Orc Fighter began the quest for the
                  | Orb.
     0 | D:1      | Reached XP level 1. HP: 19/19 MP: 1/1
    51 | D:1      | Reached XP level 2. HP: 27/27 MP: 2/2
   116 | D:1      | Reached XP level 3. HP: 33/33 MP: 3/3
   162 | D:1      | Found a faded altar of an unknown god.
  1261 | D:2      | Noticed Natasha
  1271 | D:2      | Killed Natasha
  1272 | D:2      | Reached XP level 4. HP: 21/40 MP: 4/4
  1610 | D:2      | Found Ymuypel's Antique Weapon Shoppe.
  1732 | D:2      | Noticed Jessica
  1741 | D:2      | Killed Jessica
  1796 | D:2      | Noticed Natasha
  1806 | D:2      | Killed Natasha
  1807 | D:2      | Reached XP level 5. HP: 4/46 MP: 5/5
  2227 | D:2      | Noticed Sigmund
  2252 | D:2      | HP: 2/47 [something/magic dart (5)]
  2252 | D:2      | Slain by Sigmund

Illustrated notes

Levels and vault maps discovered:
D:1:      dpeg_arrival_signposts, layout_basic, ebering_ecumenical_altar_hall
D:2:      layout_loops_ring, serial_shops, shop, uniq_jessica, uniq_natasha,
          uniq_sigmund

Skill      XL: |  1  2  3  4 |
---------------+-------------+-----
Axes           | 3 4 |  4.9
Fighting       | 4 |  4.3
Armour         | 4 |  4.3
Dodging        | |  0.3
Shields        | |  3.7

Action                   |  1- 3 |  4- 6 || total
-------------------------+-------+-------++-------
Melee: War axe           |   120 |    65 ||   185
  Use: Scroll            |     1 |       ||     1
       Potion            |       |     1 ||     1
Armor: Scale mail        |    73 |    26 ||    99
Dodge: Dodged            |    59 |    23 ||    82
Block: Buckler           |    34 |    16 ||    50

Table legend: (Time is in decaauts)
 A = Elapsed time spent in this place.
 B = Non-inter-level travel time spent in this place.
 C = Inter-level travel time spent in this place.
 D = Time resting spent in this place.
 E = Time spent auto-exploring this place.
 F = Levels seen in this place.
 G = Mean time per level.
                   A        B        C        D        E       F      G
               +--------+--------+--------+--------+--------+-----+--------+
         Total |   2317 |   2181 |    136 |    640 |   1123 |   2 | 1158.5 |
       Dungeon |   2317 |   2181 |    136 |    640 |   1123 |   2 | 1158.5 |
               +--------+--------+--------+--------+--------+-----+--------+

Top non-repeatable levels by time:
     D:1: 1178 daAuts
     D:2: 1139 daAuts
